 Dungeon Crawl Stone Soup version 0.29-a0-732-g3d7fbe0af2 (webtiles) character file.

Game seed: 7529494192524767591

56984 IdlyInterested the Carver (level 14, -11/103 HPs)
             Began as a Demonspawn Gladiator on June 29, 2022.
             Mangled by Saint Roka
             ... wielding a +0 vampiric halberd
              (19 damage)
             ... on level 2 of the Orcish Mines.
             The game lasted 01:05:03 (25639 turns).

IdlyInterested the Carver (Demonspawn Gladiator)   Turns: 25639, Time: 01:05:04

Health: -11/103    AC: 20    Str: 14    XL:     14   Next: 44%
Magic:  0/18       EV: 24    Int: 11    God:
Gold:   1604       SH:  0    Dex: 26    Spells: 13/13 levels left

rFire   . . .      SeeInvis +   x - +0 scimitar (flame)
rCold   . . .      Faith    .   (no shield)
rNeg    + . .      Spirit   +   G - +4 scale mail "Nioconiu" {rN+ MP-9 Dex+7}
rPois   .          Reflect  .   b - +2 helmet
rElec   .          Harm     .   t - +0 cloak
rCorr   .          Rampage  .   (gloves unavailable)
Will    +....                   R - +0 pair of boots
Stlth   +++.......              g - amulet of guardian spirit
HPRegen 0.27/turn               k - ring of see invisible
MPRegen 0.32/turn               I - ring of magical power

@: agile, invisible
A: yellow scales 2, powered by pain 1, magic regeneration, demonic touch 3
a: no special abilities


You were on level 2 of the Orcish Mines.
You visited 4 branches of the dungeon, and saw 20 of its levels.

You collected 1604 gold pieces.

Inventory:

Hand Weapons
 x - a +0 scimitar of flaming (weapon)
 C - a +5 great sword
 M - a +3 long sword
Missiles
 d - 7 throwing nets
 e - a javelin
 h - 6 boomerangs of dispersal
 i - 25 poisoned darts (quivered)
 r - 13 boomerangs
 v - 3 curare-tipped darts
 D - 4 silver boomerangs
Armour
 b - a +2 helmet (worn)
 q - a +2 leather armour of cold resistance
 t - a +0 cloak (worn)
 w - a +2 ring mail of fire resistance
 y - +1 steam dragon scales
 G - the +4 scale mail "Nioconiu" (worn) {rN+ MP-9 Dex+7}
   (You found it on level 7 of the Dungeon)

   Dex:       It affects your dexterity (+7).
   rN:        It protects you from negative energy.
   MP:        It affects your magic capacity (-9).
 H - +2 acid dragon scales
 R - a +0 pair of boots (worn)
Magical Staves
 N - a staff of poison
Jewellery
 a - a ring of protection from fire
 g - an amulet of guardian spirit (around neck)
 k - a ring of see invisible (left hand)
 m - a ring of ice
 s - an amulet of regeneration
 I - a ring of magical power (right hand)
 Q - a ring of protection from cold
 W - a +4 ring of protection
Wands
 u - a wand of charming (14)
 L - a wand of iceblast (21)
 P - a wand of flame (6)
Scrolls
 f - 10 scrolls of teleportation
 n - a scroll of torment
 p - 4 scrolls of identify
 E - 2 scrolls of fear
 F - 2 scrolls of fog
 J - 7 scrolls of amnesia
 K - a scroll of magic mapping
 O - 2 scrolls of enchant weapon
Potions
 c - 4 potions of curing
 l - 2 potions of flight
 o - 4 potions of haste
 z - 4 potions of brilliance
 A - 2 potions of attraction
 B - a potion of ambrosia
 S - a potion of resistance
 T - a potion of heal wounds
 U - a potion of lignification
Miscellaneous
 j - a phial of floods


   Skills:
 - Level 7.0 Fighting
 * Level 13.4 Long Blades
 - Level 3.0 Throwing
 * Level 6.1 Armour
 * Level 13.4 Dodging
 - Level 6.0 Stealth
 + Level 9.2 Unarmed Combat
 - Level 6.0 Invocations
 - Level 3.0 Evocations


You had 13 spell levels left.
You didn't know any spells.
Your spell library contained the following spells:

 Spells                   Type           Power      Damage    Failure   Level
 Beastly Appendage        Tmut           0%         N/A       78%         1
 Necrotize                Necr           0%         1d4       78%         1
 Shock                    Conj/Air       0%         1d3       78%         1
 Summon Small Mammal      Summ           0%         N/A       78%         1
 Blink                    Tloc           0%         N/A       89%         2
 Wereblood                Tmut           0%         N/A       89%         2
 Call Canine Familiar     Summ           0%         N/A       98%         3
 Gell's Gravitas          Tloc           0%         N/A       98%         3
 Lesser Beckoning         Tloc           0%         N/A       98%         3
 Portal Projectile        Hex/Tloc       0%         N/A       98%         3
 Spider Form              Tmut/Pois      0%         N/A       98%         3
 Summon Guardian Golem    Hex/Summ       0%         N/A       98%         3
 Teleport Other           Tloc           0%         N/A       98%         3
 Airstrike                Air            0%         N/A       100%        4
 Corpse Rot               Necr/Pois/Air  0%         N/A       100%        4
 Dispel Undead            Necr           0%         3d6       100%        4
 Fulminant Prism          Conj/Hex       0%         3d6       100%        4
 Iskenderun's Mystic Bla  Conj/Tloc      0%         2d3       100%        4
 Leda's Liquefaction      Hex/Erth       0%         N/A       100%        4
 Lee's Rapid Deconstruct  Erth           0%         3d5*      100%        5
 Manifold Assault         Tloc           0%         N/A       100%        5
 Death Channel            Necr           0%         N/A       100%        6
 Maxwell's Capacitive Co  Air            0%         ∞         100%        8


Dungeon Overview and Level Annotations

Branches:
Dungeon (11/15)            Temple (1/1) D:7            Lair (6/6) D:11
 Shoals (0/4) Lair:4        Snake (0/4) Lair:4        Slime (0/5) Lair:5
    Orc (2/2) D:10
    Elf: Orc:2

Altars:
Ashenzari
Cheibriados
Dithmenos
Elyvilon
Fedhas
Gozag
Hepliaklqana
Kikubaaqudgha
Makhleb
Nemelex Xobeh
Okawaru
Qazlal
Ru
Sif Muna
Trog
Uskayaw
Vehumet
Wu Jian
Xom
Yredelemnul
Zin
The Shining One
Beogh

Shops:
D:4 *

Portals:
Hell: Lair:6

Annotations:
Orc:2 Saint Roka


Innate Abilities, Weirdness & Mutations

You are mostly covered in yellow scales. (AC +3)
You sometimes gain a little power by taking damage.
You regenerate magic rapidly.
Your touch may irresistibly damage your foes and sap their willpower.


Message History

The orc sorcerer hits you but does no damage.
The orc warrior hits you but does no damage.
Saint Roka hits you but does no damage.
The ice devil hits you but does no damage.
You can move again.
Unknown command.
The orc sorcerer no longer looks unusually strong.
The sun demon misses you.
The orc wizard gestures at the orc sorcerer while chanting.
The magic dart hits the orc sorcerer.
The orc sorcerer casts a spell at you. The bolt of negative energy misses you.
The orc sorcerer hits you but does no damage.
Saint Roka hits you with a +0 vampiric halberd!
* * * LOW HITPOINT WARNING * * *
You see here a +0 short sword.
You hit Saint Roka but do no damage. The sun demon misses you.
The orc warrior completely misses you. The gnoll hits you but does no damage.
The orc sorcerer closely misses you. The orc sorcerer completely misses you.
Unknown command.
You hit Saint Roka. You burn Saint Roka.
You touch Saint Roka!
You sap their willpower!
Saint Roka is lightly wounded.
The sun demon completely misses you.
You slash Saint Roka! You burn Saint Roka.
You punch Saint Roka, but do no damage.
Saint Roka is lightly wounded.
The orc no longer looks unusually strong.
Saint Roka barely misses you. The gnoll closely misses you.
The orc sorcerer casts a spell at you. You resist with some effort.
The orc warrior misses you. The orc sorcerer misses you.
The sun demon closely misses you.
You closely miss Saint Roka.
Saint Roka is lightly wounded.
The orc warrior hits you with a +0 glaive!!
* * * LOW HITPOINT WARNING * * *
The orc sorcerer barely misses you. The orc sorcerer misses you.
Saint Roka says, "In the orcish mines, orcs kill the likes of YOU!"
Saint Roka hits you with a +0 vampiric halberd!!
You die...

. ..............
#. ......#.......
...#.............
...............
#.##.............
......o#)g.g.....
......gg4g..o....
.......)oooo.....
....#.$.o@o......
..O...oog.3......
.................
.O............#..
..............# .
................
...#.#.........#
.....##.......#


You could see Saint Roka (can't see you, weak-willed), a sun demon (summoned,
can't see you), an ice devil (summoned, can't see you), 2 orc sorcerers, 3 orc
warriors, an ogre (wandering, can't see you), a gnoll shaman (can't see you), an
orc wizard (can't see you), 5 gnolls and 3 orcs.

Vanquished Creatures
  An orc warlord (Orc:1)
  Nessos (Lair:4)
  2 dire elephants (Lair:6)
  4 hydras
  Harold (Orc:1)
  4 two-headed ogres
  An orc high priest (Orc:1)
  A death yak (Lair:3)
  A sun demon (Lair:6)
  Amaemon (D:11)
  A lindwurm (Lair:3)
  A wizard (Lair:6)
  An orc sorcerer (Orc:2)
  An oklob plant (Lair:5)
  12 elephants
  5 cyclopes
  A smoke demon (Lair:6)
  4 orange demons
  Maggie (D:7)
  5 black mambas
  13 cane toads
  14 komodo dragons
  4 rime drakes
  2 ice devils (Lair:6)
  A red devil (Lair:6)
  Grinder (D:3)
  2 polar bears
  2 trolls
  14 blink frogs
  5 dream sheep (Lair:6)
  A shadow (D:6)
  11 wyverns
  Eustachio (D:5)
  4 basilisks
  53 yaks
  3 steam dragons
  4 wargs (Orc:1)
  2 acid dragons
  15 water moccasins
  3 hell hounds (Lair:6)
  3 black bears
  9 orc warriors
  An ice beast (D:4)
  2 sky beasts
  12 wolves
  11 centaurs
  2 ogres
  2 kobold brigands
  3 necrophages
  A phantom (D:6)
  16 bullfrogs
  A gnoll sergeant (D:7)
  3 scorpions
  10 wights
  26 killer bees
  An electric eel (Lair:3)
  9 hounds
  3 gnoll shamans
  9 orc priests
  16 jellies
  4 iguanas
  15 orc wizards
  Robin (D:3)
  20 gnolls
  15 adders
  3 white imps
  5 worms
  4 dart slugs
  69 orcs
  4 bats (D:2)
  16 endoplasms
  11 giant cockroaches
  14 goblins
  15 hobgoblins
  4 jackals
  20 kobolds
  4 quokkas
  7 ball pythons
  4 frilled lizards
  A goblin skeleton (D:6)
  A kobold skeleton (D:6)
  2 kobold zombies (D:6)
  4 rats (D:3)
587 creatures vanquished.

Vanquished Creatures (collateral kills)
  A blink frog (Lair:1)
  An orc warrior (Orc:1)
  2 orcs (Orc:1)
4 creatures vanquished.

Vanquished Creatures (others)
  An electric eel (Lair:1)
  An orc wizard (D:11)
  An orc (Orc:2)
  17 fungi
  33 plants
53 creatures vanquished.

Grand Total: 644 creatures vanquished

Notes
Turn   | Place    | Note
-------+----------+-------------------------------------------
     0 | D:1      | IdlyInterested the Demonspawn Gladiator began the quest for
                  | the Orb.
     0 | D:1      | Reached XP level 1. HP: 16/16 MP: 1/1
   232 | D:1      | Gained mutation: You are partially covered in yellow
                  | scales. (AC +2) [demonic ancestry]
   232 | D:1      | Reached XP level 2. HP: 22/22 MP: 2/2
   419 | D:1      | Got the Collected Works on Unholy Air
   633 | D:1      | Reached skill level 1 in Stealth
   822 | D:1      | Reached XP level 3. HP: 27/27 MP: 3/3
  1833 | D:2      | Reached skill level 1 in Armour
  1881 | D:2      | Gained mutation: You are mostly covered in yellow scales.
                  | (AC +3) [demonic ancestry]
  1881 | D:2      | Reached XP level 4. HP: 33/33 MP: 4/4
  2710 | D:3      | Reached skill level 1 in Invocations
  2843 | D:3      | Gained mutation: Your touch may inflict minor irresistible
                  | damage on your foes. [demonic ancestry]
  2843 | D:3      | Reached XP level 5. HP: 36/38 MP: 5/5
  2870 | D:3      | Reached skill level 1 in Evocations
  3199 | D:3      | Noticed Grinder
  3201 | D:3      | Paralysed by Grinder for 4 turns
  3246 | D:3      | Killed Grinder
  3247 | D:3      | Gained mutation: Your touch may inflict irresistible damage
                  | on your foes. [demonic ancestry]
  3247 | D:3      | Reached XP level 6. HP: 13/44 MP: 2/6
  3254 | D:3      | Noticed Robin
  3275 | D:3      | Killed Robin
  3992 | D:4      | Gained mutation: You regenerate magic rapidly. [demonic
                  | ancestry]
  3992 | D:4      | Reached XP level 7. HP: 44/50 MP: 5/7
  4066 | D:4      | Reached skill level 5 in Long Blades
  4066 | D:4      | Reached skill level 5 in Dodging
  4409 | D:4      | Found Ceisum's General Store.
  4907 | D:4      | Reached XP level 8. HP: 55/56 MP: 7/9
  4953 | D:5      | Entered Level 5 of the Dungeon
  4954 | D:5      | Noticed Eustachio
  4982 | D:5      | Killed Eustachio
  6143 | D:6      | Noticed a +0 falchion
  6144 | D:6      | Noticed a +0 falchion
  6144 | D:6      | Noticed a +0 short sword
  6145 | D:6      | Noticed a +0 dagger
  6146 | D:6      | Noticed a +0 dagger
  6149 | D:6      | Noticed a +0 short sword
  6150 | D:6      | Noticed a +0 spear
  6151 | D:6      | Noticed a +0 spear
  6244 | D:6      | Found a hide-covered altar of Uskayaw.
  6460 | D:6      | Reached XP level 9. HP: 53/63 MP: 10/10
  6629 | D:6      | Noticed a cyclops
  6643 | D:6      | Killed a cyclops
  6892 | D:6      | Identified the +1 mace of Feyruf {flame, Int+6 Stlth+}
  7198 | D:7      | Noticed Maggie
  7206 | D:7      | Killed Maggie
  7273 | D:7      | Found a radiant altar of Vehumet.
  7300 | D:7      | Found a staircase to the Ecumenical Temple.
  7316 | Temple   | Entered the Ecumenical Temple
  7935 | D:7      | Found a sacrificial altar of Ru.
  8109 | D:7      | Identified the +4 scale mail "Nioconiu" {rN+ MP-9 Dex+7}
  8268 | D:7      | Reached XP level 10. HP: 69/70 MP: 3/12
  9023 | D:8      | Reached skill level 5 in Unarmed Combat
  9702 | D:9      | Noticed a two-headed ogre
  9714 | D:9      | Killed a two-headed ogre
 10406 | D:9      | Noticed a two-headed ogre
 10416 | D:9      | Killed a two-headed ogre
 11053 | D:10     | Entered Level 10 of the Dungeon
 11281 | D:10     | Found an iron altar of Okawaru.
 11351 | D:10     | Reached XP level 11. HP: 60/77 MP: 10/13
 11851 | D:10     | Found a staircase to the Orcish Mines.
 12441 | D:11     | Noticed Amaemon
 12449 | D:11     | Killed Amaemon
 12646 | D:11     | Found a staircase to the Lair.
 12806 | D:11     | Reached skill level 5 in Fighting
 12916 | D:11     | Noticed a two-headed ogre
 12925 | D:11     | Killed a two-headed ogre
 12926 | D:11     | Reached skill level 10 in Dodging
 13225 | D:11     | Reached skill level 10 in Long Blades
 13524 | D:11     | Found an iron altar of Okawaru.
 13567 | D:11     | Noticed a two-headed ogre
 13590 | D:11     | Killed a two-headed ogre
 13921 | D:11     | Reached skill level 5 in Armour
 14284 | Lair:1   | Entered Level 1 of the Lair of Beasts
 14305 | Lair:1   | Gained mutation: You sometimes gain a little power by
                  | taking damage. [demonic ancestry]
 14305 | Lair:1   | Reached XP level 12. HP: 26/86 MP: 6/15
 14982 | Lair:1   | Reached skill level 5 in Stealth
 15863 | Lair:2   | Reached skill level 5 in Invocations
 17424 | Lair:3   | Noticed a death yak
 17425 | Lair:3   | Noticed a seven-headed hydra
 17434 | Lair:3   | Killed a three-headed hydra
 17446 | Lair:3   | Killed a death yak
 17715 | Lair:3   | Noticed a six-headed hydra
 17723 | Lair:3   | Killed a two-headed hydra
 17893 | Lair:3   | Gained mutation: Your touch may irresistibly damage your
                  | foes and sap their willpower. [demonic ancestry]
 17893 | Lair:3   | Reached XP level 13. HP: 93/93 MP: 16/16
 18712 | Lair:4   | Found a staircase to the Snake Pit.
 19111 | Lair:4   | Found a staircase to the Shoals.
 19215 | Lair:4   | Noticed Nessos
 19231 | Lair:4   | Killed Nessos
 20289 | Lair:5   | Found a staircase to the Slime Pits.
 21623 | Lair:6   | Entered Level 6 of the Lair of Beasts
 22028 | Lair:6   | Noticed a dire elephant
 22043 | Lair:6   | Killed a dire elephant
 22272 | Lair:6   | Noticed a dire elephant
 22290 | Lair:6   | Killed a dire elephant
 22291 | Lair:6   | Reached XP level 14. HP: 20/100 MP: 7/18
 22744 | Lair:6   | Found a burning altar of Makhleb.
 23149 | Lair:6   | Found a gateway to Hell.
 24274 | Orc:1    | Entered Level 1 of the Orcish Mines
 24274 | Orc:1    | Noticed Harold
 24285 | Orc:1    | Killed Harold
 24859 | Orc:2    | Entered Level 2 of the Orcish Mines
 24859 | Orc:2    | Noticed an orc warlord
 24870 | Orc:1    | Killed an orc warlord
 25028 | Orc:2    | Noticed Saint Roka
 25632 | Orc:2    | Paralysed by an orc sorcerer for 2 turns
 25639 | Orc:2    | Mangled by Saint Roka

Illustrated notes

Levels and vault maps discovered:
D:1:      saegor_arrival_simple_c, layout_loops_ring, serial_bayou_pond_c,
          corexii_corridor_pit, dreamdust_princess_corridor,
          minmay_misc_feat_rugged, minmay_tetromino_i4
D:2:      layout_basic, lemuel_flame_loot_1
D:3:      layout_rooms, uniq_robin, uniq_grinder
D:4:      layout_loops_ring, serial_shops, shop, nzn_random_ring
D:5:      layout_basic, uniq_eustachio
D:6:      cheibrodos_fzero, layout_rooms, nicolae_uskayaw_en_pointe,
          nicolae_tso_besieged_by_evil, grunt_ministairs_15
D:7:      layout_loops_corners, marbit_many_paths, nicolae_ru_awakened_eye,
          minmay_temple_entry_statues_fountains, minmay_misc_feat_columns,
          uniq_maggie
D:8:      layout_basic, minmay_misc_feat_room
D:9:      layout_long_grid
D:10:     layout_small_grid, general_overflow_altar, hiddenorc1_lemuel
D:11:     layout_basic, david_lair_shrubbed, okawaru_trees_1, uniq_amaemon
Temple:   minmay_temple_bridge_d
Lair:1:   layout_roguey, serial_bayou_lake_a, infiniplex_staircase_pool_2
Lair:2:   layout_regular_city
Lair:3:   nzn_winding_woodlands_large [nzn_winding_woodlands_5x5_perimeter,
          nzn_winding_woodlands_5x15_pockets,
          nzn_winding_woodlands_5x5_checkerboard,
          nzn_winding_woodlands_center_garden,
          nzn_winding_woodlands_15x15_eel_pit,
          nzn_winding_woodlands_center_triple_pond,
          nzn_winding_woodlands_5x5_three, nzn_winding_woodlands_5x15_parted,
          nzn_winding_woodlands_5x5_cross], layout_loops_ring, st_stairs_4
Lair:4:   layout_misc_corridors, minmay_shoals_entry_centaurs,
          dummy_snake_entry, minivault_24, uniq_nessos
Lair:5:   layout_layer_cave, minmay_slime_entry_jelly_boxes
Lair:6:   evil_forest, layout_hall_layers, grunt_megastairs_5
Orc:1:    layout_caves, gammafunk_ghost_grave, bh_open_orc_temple, uniq_harold
Orc:2:    pf_orc_diabolical, layout_caves, uniq_maurice, uniq_saint_roka

Skill      XL: |  1  2  3  4  5  6  7  8  9 10 11 12 13 14 |
---------------+-------------------------------------------+-----
Long Blades    | 3 4 5 6 8 9 10 11 12 13 | 13.4
Dodging        | 3 4 5 6 8 9 10 11 12 13 | 13.4
Stealth        | 1 2 3 4 5 6 |  6.0
Armour         | 1 2 3 4 5 6 |  6.1
Invocations    | 1 2 3 4 5 6 |  6.0
Evocations     | 1 2 3 |  3.0
Unarmed Combat | 2 3 4 5 6 7 8 9 |  9.2
Throwing       | 2 3 |  3.0
Fighting       | 3 4 5 6 7 |  7.0

Action                   |  1- 3 |  4- 6 |  7- 9 | 10-12 | 13-15 || total
-------------------------+-------+-------+-------+-------+-------++-------
Melee: Long sword        |   122 |   178 |   294 |       |   417 ||  1011
       Punch             |       |     1 |     4 |     2 |    33 ||    40
       Touch             |       |    14 |    74 |    21 |   126 ||   235
       Great sword       |       |       |    85 |   552 |   183 ||   820
       Scimitar          |       |       |       |    66 |    76 ||   142
Throw: Boomerang         |       |     7 |       |     1 |       ||     8
       Dart              |       |     2 |     3 |    24 |    32 ||    61
       Javelin           |       |     1 |       |     1 |     1 ||     3
       Throwing net      |       |     1 |       |       |       ||     1
Evoke: Wand              |       |       |       |     1 |     4 ||     5
  Use: Scroll            |     3 |     8 |     5 |     5 |     6 ||    27
       Potion            |     1 |     3 |       |     5 |     6 ||    15
 Stab: Held in net/web   |       |     1 |       |       |       ||     1
       Sleeping          |       |       |     3 |     3 |     9 ||    15
       Distracted        |       |       |     1 |       |     1 ||     2
       Invisible         |       |       |       |       |     2 ||     2
Armor: Leather armour    |     2 |       |    80 |       |       ||    82
       Scale mail        |    41 |       |    16 |   310 |   314 ||   681
       Chain mail        |    29 |   129 |    69 |       |       ||   227
       Steam dragon scal |       |       |    17 |       |       ||    17
Dodge: Dodged            |    67 |    80 |   265 |   791 |   818 ||  2021

Table legend: (Time is in decaauts)
 A = Elapsed time spent in this place.
 B = Non-inter-level travel time spent in this place.
 C = Inter-level travel time spent in this place.
 D = Time resting spent in this place.
 E = Time spent auto-exploring this place.
 F = Levels seen in this place.
 G = Mean time per level.
                   A        B        C        D        E       F      G
               +--------+--------+--------+--------+--------+-----+--------+
         Total |  25820 |  25206 |    614 |   8447 |  11578 |  20 | 1291.0 |
       Dungeon |  14352 |  13990 |    362 |   4312 |   6519 |  11 | 1304.7 |
        Temple |    231 |    231 |      0 |      0 |    212 |   1 |  231.0 |
          Lair |   9868 |   9644 |    224 |   3405 |   4560 |   6 | 1644.7 |
  Orcish Mines |   1367 |   1341 |     26 |    729 |    286 |   2 |  683.5 |
               +--------+--------+--------+--------+--------+-----+--------+

Top non-repeatable levels by time:
  Lair:6: 2402 daAuts
    D:11: 2202 daAuts
  Lair:3: 1666 daAuts
  Lair:5: 1645 daAuts
     D:7: 1592 daAuts
  Lair:2: 1540 daAuts
     D:2: 1484 daAuts
     D:3: 1395 daAuts
     D:9: 1384 daAuts
   Orc:1: 1336 daAuts
  Lair:4: 1314 daAuts
  Lair:1: 1299 daAuts
    D:10: 1149 daAuts
     D:5: 1144 daAuts
     D:4: 1136 daAuts
